 Dungeon Crawl Stone Soup version 0.23.2-30-g0e89c35649 (webtiles) character file.

Game seed: 16058438861371176239

204 Mrkan the Skirmisher (level 5, -2/57 HPs)
             Began as an Ogre Fighter on June 24, 2019.
             Was an Initiate of Kikubaaqudgha.
             Slain by a gnoll
             ... wielding a +0 halberd
              (6 damage)
             ... on level 3 of the Dungeon.
             The game lasted 00:05:27 (3021 turns).

Mrkan the Skirmisher (Ogre Fighter)                 Turns: 3021, Time: 00:05:28

Health: -2/57      AC:  4    Str: 20    XL:     5   Next: 82%
Magic:  5/5        EV:  8    Int:  9    God:    Kikubaaqudgha [......]
Gold:   55         SH:  8    Dex:  9    Spells: 4/4 levels left

rFire    . . .     SeeInvis .   a - +0 flail
rCold    . . .     Gourm    .   c - +0 shield
rNeg     . . .     Faith    .   b - +0 robe
rPois    .         Spirit   .   (helmet restricted)
rElec    .         Reflect  .   j - +0 cloak
rCorr    .         Harm     .   (gloves unavailable)
MR       .....                  (boots unavailable)
Stlth    +.........             (no amulet)
HPRegen  0.19/turn              (no ring)
MPRegen  0.09/turn              (no ring)

@: no status effects
A: large, unfitting armour, tough skin 1
a: Renounce Religion


You were on level 3 of the Dungeon.
You worshipped Kikubaaqudgha.
Kikubaaqudgha was noncommittal.
You were not hungry.

You visited 1 branch of the dungeon, and saw 3 of its levels.

You collected 55 gold pieces.

Inventory:

Hand Weapons
 a - a +0 flail (weapon)
Armour
 b - a +0 robe (worn)
 c - a +0 shield (worn)
 j - a +0 cloak (worn)
Jewellery
 l - a cursed ring of teleportation {unknown}
Scrolls
 e - a scroll of remove curse
 o - a scroll of enchant armour {unknown}
 p - a scroll of identify
Potions
 d - a potion of might
 g - a potion of curing {unknown}
 h - 2 potions of haste {unknown}
 i - a potion of mutation {unknown}
 k - a potion of flight {unknown}
 m - a potion of heal wounds {unknown}
 n - a potion of brilliance {unknown}
Comestibles
 f - 3 rations


   Skills:
 + Level 5.3 Fighting
 * Level 3.9 Maces & Flails
 - Level 2.6 Dodging
 + Level 3.6 Shields
 + Level 0.7 Necromancy


You had 4 spell levels left.
You didn't know any spells.
Your spell library was empty.

Dungeon Overview and Level Annotations

Branches:
Dungeon (3/15)

Altars:
Ashenzari
Kikubaaqudgha
Sif Muna
Wu Jian


Innate Abilities, Weirdness & Mutations

You are too large for most types of armour.
You have tough skin. (AC +1)


Message History

Things that are here:
a +0 halberd; a +0 club; a gnoll corpse You closely miss the gnoll.
You block the gnoll's attack.
You closely miss the gnoll. The gnoll hits you with a +0 halberd!
* * * LOW HITPOINT WARNING * * *
You sock the gnoll!
The gnoll is heavily wounded.
The gnoll hits you with a +0 halberd!
* * * LOW HITPOINT WARNING * * *
Your shield prevents you from hitting the gnoll.
The gnoll is heavily wounded.
You block the gnoll's attack.
You closely miss the gnoll.
The gnoll is heavily wounded.
The gnoll barely misses you.
You closely miss the gnoll.
The gnoll is heavily wounded.
The gnoll hits you with a +0 halberd.
You die...
Kikubaaqudgha rasps: "You have failed me!
Welcome... death!"

##### #...#
#.#.####
#.#..#.######
#.#.#.....#.#
#.######.#).#
#)#..#.####)#
#@#.#.....#.#
#g#.####.#..#
#.#..#.######
#######.#.#....)#.#
#.......######.#..#
#........# ####.#
#........# #..#
#........# ##.###
#........# #....#


You could see a gnoll.

Vanquished Creatures
  Natasha (twice) (D:2)
  2 gnolls (D:3)
  5 adders
  2 dart slugs (D:2)
  3 worms (D:2)
  3 leopard geckos (D:1)
  4 orcs (D:3)
  A ball python (D:2)
  6 bats
  A giant cockroach (D:3)
  7 goblins
  13 hobgoblins
  6 jackals
  5 kobolds
  A quokka (D:3)
  3 frilled lizards
  6 rats
70 creatures vanquished.

Notes
Turn   | Place    | Note
-------+----------+-------------------------------------------
     0 | D:1      | Mrkan the Ogre Fighter began the quest for the Orb.
     0 | D:1      | Reached XP level 1. HP: 24/24 MP: 1/1
    63 | D:1      | Reached XP level 2. HP: 28/32 MP: 2/2
   647 | D:1      | Reached XP level 3. HP: 22/40 MP: 3/3
  1255 | D:2      | Found a deep blue altar of Sif Muna.
  1333 | D:2      | Reached XP level 4. HP: 13/49 MP: 4/4
  2012 | D:2      | Noticed Natasha
  2034 | D:2      | Killed Natasha
  2052 | D:2      | Reached skill level 5 in Fighting
  2076 | D:2      | Reached XP level 5. HP: 26/57 MP: 5/5
  2311 | D:2      | Found an ancient bone altar of Kikubaaqudgha.
  2319 | D:2      | Became a worshipper of Kikubaaqudgha
  2363 | D:2      | Noticed Natasha
  2408 | D:2      | Killed Natasha
  2550 | D:2      | Found an ornate altar of the Wu Jian Council.
  2550 | D:2      | Found a shattered altar of Ashenzari.
  3021 | D:3      | Slain by a gnoll

Skill      XL: |  1  2  3  4 |
---------------+-------------+-----
Maces & Flails | 2 3 |  3.9
Shields        | 3 |  3.6
Fighting       | 5 |  5.3
Dodging        | |  2.6
Necromancy     | |  0.7

Action                   |  1- 3 |  4- 6 || total
-------------------------+-------+-------++-------
Melee: Flail             |   154 |   140 ||   294
  Use: Scroll            |     2 |       ||     2
  Eat: Chunk             |     2 |     5 ||     7
Armor: Robe              |    49 |    40 ||    89
Dodge: Dodged            |    57 |    62 ||   119
Block: Shield            |    73 |    64 ||   137
